 Dungeon Crawl Stone Soup version 0.19-b1-4-gd8a0a2a (webtiles) character file.

59 tv1990 the Chopper (level 4, -1/37 HPs)
             Began as a Formicid Monk on Oct 30, 2016.
             Slain by a gnoll
             ... wielding a +0 quarterstaff
              (5 damage)
             ... on level 2 of the Dungeon.
             The game lasted 00:03:49 (1016 turns).

tv1990 the Chopper (Formicid Monk)                  Turns: 1016, Time: 00:03:49

Health: -1/37      AC:  5    Str: 16    XL:     4   Next: 22%
Magic:  4/4        EV: 12    Int:  9    God:
Gold:   119        SH:  0    Dex: 14    Spells: 0 memorised, 3 levels left

rFire  . . .     SeeInvis +     a - +0 hand axe
rCold  . . .     Gourm    .     b - +0 robe
rNeg   . . .     Faith    .     (no shield)
rPois  .         Spirit   .     (helmet unavailable)
rElec  .         Reflect  .     (no cloak)
rCorr  .         Harm     .     (no gloves)
MR     .....                    l - +0 pair of boots
Stlth  ++........               (no amulet)
                                (no ring)
                                d - +2 ring of protection

@: heavily drained
A: permanent stasis, dig shafts and tunnels, four strong arms, antennae 3
a: Dig, Shaft Self


You were on level 2 of the Dungeon.
You were not hungry.

You visited 1 branch of the dungeon, and saw 2 of its levels.

You collected 119 gold pieces.

Inventory:

Hand Weapons
 a - a +0 hand axe (weapon)
Missiles
 h - 6 javelins (quivered)
Armour
 b - a +0 robe (worn)
 l - a +0 pair of boots (worn)
Jewellery
 d - a +2 ring of protection (left hand)
Scrolls
 e - a scroll of enchant weapon {unknown}
 i - a scroll of identify
 j - a scroll of fear {unknown}
 k - a scroll of noise {unknown}
Potions
 g - a potion of curing
 m - a potion of heal wounds
 n - a potion of mutation
Comestibles
 c - 5 bread rations
 f - 6 chunks of flesh


   Skills:
 + Level 3.7(2.0) Fighting
 * Level 4.0(2.3) Axes
 + Level 2.0(0.4) Armour
 - Level 2.6(1.1) Dodging
 - Level 2.4(0.8) Stealth


You had 3 spell levels left.
You didn't know any spells.

Dungeon Overview and Level Annotations

Branches:
Dungeon (2/15)

Altars:


Innate Abilities, Weirdness & Mutations

You are under a permanent stasis effect.
You can dig through walls and to a lower floor.
Your four strong arms can wield two-handed weapons with a shield.
You have a pair of large antennae on your head. (SInv)


Message History

You hit the gnoll but do no damage. The gnoll hits you with a quarterstaff!
You hit the gnoll but do no damage. The gnoll hits you with a quarterstaff.
* * * LOW HITPOINT WARNING * * *
You hit the gnoll.
The gnoll is lightly wounded.
The gnoll hits you with a quarterstaff.
* * * LOW HITPOINT WARNING * * *
You hit the gnoll but do no damage.
The gnoll is lightly wounded.
The gnoll barely misses you.
You barely miss the gnoll.
The gnoll is lightly wounded.
The gnoll hits you with a quarterstaff.
* * * LOW HITPOINT WARNING * * *
You hit the gnoll but do no damage.
The gnoll is lightly wounded.
The gnoll hits you with a quarterstaff.
* * * LOW HITPOINT WARNING * * *
The gnoll hits you with a quarterstaff.
You die...

##### #### .#.. #...##
... .##.....# ..#####
........###.......
#..#..............
#...#.....g.....# ..
.........@....... #.
##..........#.. ..#
#####....?......# ...
#......#...!....... ...#
#..................
#...##......#...........
#.........(...##....####
....<)).##..#....#..#
.##.....##....####..#


You could see a gnoll.

Vanquished Creatures
  2 gnolls (D:2)
  A worm (D:2)
  5 bats
  2 giant cockroaches (D:1)
  5 goblins
  5 hobgoblins (D:1)
  A ball python (D:1)
  A frilled lizard (D:1)
  5 kobolds
  11 rats
38 creatures vanquished.

Notes
Turn   | Place    | Note
-------+----------+-------------------------------------------
     0 | D:1      | tv1990 the Formicid Monk began the quest for the Orb.
     0 | D:1      | Reached XP level 1. HP: 18/18 MP: 1/1
    76 | D:1      | Reached XP level 2. HP: 23/24 MP: 2/2
   148 | D:1      | Reached skill level 1 in Armour
   395 | D:1      | Reached XP level 3. HP: 29/29 MP: 3/3
   758 | D:2      | Reached XP level 4. HP: 14/37 MP: 4/4
   994 | D:2      | Reached skill level 4 in Axes
  1016 | D:2      | Slain by a gnoll

Skill      XL: |  1  2  3  4 |
---------------+-------------+-----
Armour         | 1 2 |  2.0
Axes           | 4 |  4.0
Fighting       | |  3.7
Dodging        | |  2.6
Stealth        | |  2.4

Action                   |  1- 3 |  4- 6 || total
-------------------------+-------+-------++-------
Melee: Hand axe          |    93 |    19 ||   112
 Abil: Dig               |     1 |       ||     1
  Use: Potion            |     2 |       ||     2
       Scroll            |       |     3 ||     3
 Stab: Sleeping          |     4 |       ||     4
  Eat: Chunk             |       |     1 ||     1
Armor: Robe              |    17 |     5 ||    22
Dodge: Dodged            |    66 |     6 ||    72

Table legend:
 A = Turns spent in this place as a percentage of turns spent in the entire game.
 B = Non-inter-level travel turns spent in this place as a percentage of non-inter-level travel turns spent in the entire game.
 C = Inter-level travel turns spent in this place as a percentage of turns spent in this place.
 D = Turns resting spent in this place as a percentage of non-inter-level travel turns spent in this place.
 E = Turns spent auto-exploring this place as a percentage of non-inter-level travel turns spent in this place.
 F = Non-inter-level travel turns spent in this place divided by the number of levels of this place that you've seen.
                   A       B       C       D       E      F
               +-------+-------+-------+-------+-------+----------------------
         Total | 100.0 | 100.0 |   0.3 |   0.5 |  16.8 | 184.0
       Dungeon | 100.0 | 100.0 |   0.3 |   0.5 |  16.8 | 184.0
               +-------+-------+-------+-------+-------+----------------------

Table legend:
 A = Kills in this place as a percentage of kills in entire the game.
 B = Kills by you in this place as a percentage of kills by you in the entire game.
 C = Kills by friends in this place as a percentage of kills by friends in the entire game.
 D = Other kills in this place as a percentage of other kills in the entire game.
 E = Experience gained in this place as a percentage of experience gained in the entire game.
 F = Experience gained in this place divided by the number of levels of this place that you have seen.
                   A       B       C       D       E      F
               +-------+-------+-------+-------+-------+----------------------
         Total | 100.0 | 100.0 |  -nan |  -nan | 100.0 |  42.5
       Dungeon | 100.0 | 100.0 |  -nan |  -nan | 100.0 |  42.5
               +-------+-------+-------+-------+-------+----------------------

Vault maps used:
D:1:      evilmike_arrival_fibonacci_small, minmay_stone_trees_large,
          st_stairs_1, minmay_surrounded
